Unix NetHack Version 5.0.0-0 post-release - last build May 23 2026 06:08:33 (1c0ff79ee797540d5714e4e18072db0edd9e58ae,branch:main).

Game began 2026-05-28 19:39:54, ended 2026-05-29 04:39:42.

7spoons, lawful female human Valkyrie

           -----------
           |...(......######################
          #..........|            ---------#
          #-----.-----            |..<....|##
          ##    #                 |....*..-##
           ##   #                 ........|
            #   #                 |........
            #   @                 ---------
            #   #%#
 -----------#     |
 |)).-.-.%[|#      .
 |)).|.|.[[|#      ..
 |)).|.|.[.|#       ..Y
 |----.----|#        .>.
 |..........#         .?.
 -----------          ..|
                      ---

7spoons the Fighter         St:18 Dx:14 Co:18 In:11 Wi:8 Ch:9  Lawful
Dlvl:10 $:73 HP:0(100) Pw:24(24) AC:-4 Xp:9 T:12810  Stone

Latest messages:
 "Will you please leave your pick-axe outside?"
 What do you want to drop? [$cdh-yBGHKMP-RUX or ?*]
 You drop an uncursed pick-axe.
 "Velkommen, 7spoons!  Welcome again to Guizengeard's antique weapons outlet!"
 There is an open door here.
 You see here an uncursed pick-axe.
 R - an uncursed pick-axe.
 What do you want to use or apply? [h-lqtvwGHR or ?*]
 You put an uncursed pick-axe into the bag.
 "Velkommen, 7spoons!  Welcome again to Guizengeard's antique weapons outlet!"
 Pick a monster, object or location.
 "Velkommen, 7spoons!  Welcome to Artvin's used armor dealership!"
 What do you want to use or apply? [h-lqtvwGH or ?*]
 Your lamp is now on.
 Pick a monster, object or location.
 That studded leather armor is a small mimic!
 The massive hammer hits!  Lightning strikes the small mimic!
 The massive hammer hits!  Lightning strikes the small mimic!
 You kill the small mimic!
 You see here a small mimic corpse (for sale, 31 zorkmids).
 You see here a chain mail (for sale, 100 zorkmids).
 You see here a pair of riding gloves (for sale, 67 zorkmids).
 "For you, esteemed lady; only 67 zorkmids for this pair of riding gloves."
 C - a pair of riding gloves (unpaid, 67 zorkmids).
 You bought a pair of riding gloves for 67 gold pieces.
 "Thank you for shopping in Artvin's used armor dealership!"
 You see here a plate mail (for sale, 800 zorkmids).
 Your lamp seems about to go out.
 You are beginning to feel hungry.
 What do you want to eat? [doxB or ?*]
 Core dumped.
 The massive hammer hits!  Lightning strikes the cockatrice!
 The massive hammer hits!  Lightning strikes the cockatrice!
 The cockatrice bites!
 The cockatrice touches you!
 You hear the cockatrice's hissing!
 You are slowing down.
 The massive hammer hits!  Lightning strikes the cockatrice!
 You hear crashing rock.
 Your limbs are stiffening.
 The massive hammer hits!  Lightning strikes the cockatrice!
 You kill the cockatrice!
 Your limbs have turned to stone.
 You have turned to stone.
 You are a statue.
 Do you want your possessions identified? [ynq] (y)
 Do you want to see your attributes? [ynq] (y)
 Do you want an account of creatures vanquished? [ynaq] (y)
 Do you want to see your conduct and achievements? [ynq] (y)
 Do you want to see the dungeon overview? [ynq] (y)

Inventory:
 Coins    ('$')
  $ - 73 gold pieces
 Weapons  (')')
  U - a blessed +2 dagger (alternate weapon; not wielded)
  r - 10 +0 daggers (at the ready)
  m - the rustproof +0 Mjollnir (weapon in left hand)
 Armor    ('[')
  K - a blessed +1 orcish helm (being worn)
  C - an uncursed +0 pair of gauntlets of power
  y - an uncursed +0 pair of leather gloves (being worn)
  P - a blessed +0 pair of jumping boots
  X - an uncursed +0 pair of kicking boots (being worn)
  c - an uncursed +3 small shield (being worn)
  M - an uncursed burnt +0 oilskin cloak (being worn)
  Q - an uncursed +0 dwarvish mithril-coat (being worn)
 Comestibles  ('%')
  d - an uncursed food ration
  o - an uncursed tripe ration
  x - an uncursed lizard corpse
 Scrolls  ('?')
  p - a blessed scroll of enchant armor
 Potions  ('!')
  n - an uncursed potion of hallucination
  s - an uncursed potion of sleeping
 Rings    ('=')
  u - an uncursed ring of shock resistance
 Wands    ('/')
  t - a wand of cancellation (0:7)
  k - a wand of cold (0:6)
  w - a wand of digging (0:5)
  i - a wand of enlightenment (0:14)
  G - a wand of secret door detection (0:13)
  j - a wand of teleportation (0:7)
 Tools    ('(')
  q - an uncursed sack containing 1 item
  l - an uncursed magic whistle
  v - an uncursed oil lamp (lit)
  H - an uncursed skeleton key
  h - a +0 unicorn horn

Contents of the sack:
  a +0 pick-axe

7spoons the Valkyrie's attributes:

Background:
 You were a Fighter, a level 9 human Valkyrie.
 You were lawful, on a mission for Tyr
 who was opposed by Odin (neutral) and Loki (chaotic).
 You were left-handed.
 You were in the Dungeons of Doom, on level 10.
 You entered the dungeon 12810 turns ago.
 It was nighttime.
 You had 5095 experience points, 25 more were needed to attain level 10.

Basics:
 You had 0 out of 100 hit points.
 You had all 24 energy points (spell power).
 Your armor class was -4.
 Your wallet contained 73 zorkmids.
 Autopickup was off.

Final Characteristics:
 Your strength was 18 (limit:18/100).
 Your dexterity was 14 (limit:18).
 Your constitution was 18 (limit:18).
 Your intelligence was 11 (limit:18).
 Your wisdom was 8 (limit:18).
 Your charisma was 9 (limit:18).

Final Status:
 You turned into stone.
 You weren't hungry.
 You were unencumbered.
 You were wielding a hammer.
 You were skilled in hammer.

Final Attributes:
 You were piously aligned.
 You were cold resistant.
 You were poison resistant.
 You were telepathic.
 You were stealthy.
 You were guarded.
 You were lucky.
 You are dead.

Miscellaneous:
 You didn't encounter any bones levels.
 Total elapsed playing time was 3 hours, 18 minutes and 37 seconds.

Major events:
 Turn
    1: 7spoons the lawful human Valkyrie entered the dungeon
 1476: attained the rank of Skirmisher (level 3)
 2707: entered the Gnomish Mines
 3622: reached Mine Town
 5336: attained the rank of Fighter (level 6)
 9913: was bestowed with Mjollnir by Tyr
12810: petrified by a cockatrice

You didn't know any spells.

Skills:
 Fighting Skills
   bare handed combat [Unskilled]
   two weapon combat  [Unskilled]
   riding             [Unskilled]
 Weapon Skills
   dagger             [Expert]
   axe                [Unskilled]
   pick-axe           [Unskilled]
   short sword        [Unskilled]
   broadsword         [Unskilled]
   long sword         [Unskilled]
   two-handed sword   [Unskilled]
   saber              [Unskilled]
   hammer             [Skilled]
   quarterstaff       [Unskilled]
   polearms           [Unskilled]
   spear              [Basic]
   trident            [Unskilled]
   lance              [Unskilled]
   sling              [Unskilled]
 Spellcasting Skills
   attack spells      [Unskilled]
   escape spells      [Unskilled]

Voluntary challenges:
 Character rerolling was not enabled.
 You never genocided any monsters.
 You never polymorphed an object.
 You never changed form.
 You used no wishes.
Achievements:
 You entered a shop.
 You attained the rank of Skirmisher.
 You entered the Gnomish Mines.
 You entered Minetown.
 You attained the rank of Fighter.

 The Dungeons of Doom: levels 1 to 10
    Level 1:
       An altar.
    Level 2:
       An armor shop, some fountains.
    Level 3:
       Stairs down to The Gnomish Mines.
    Level 4:
       A scroll shop, some fountains, a grave.
    Level 5:
       A fountain.
    Level 6:
    Level 7:
       A throne.
    Level 8:
    Level 9:
       Many fountains.
       Oracle of Delphi.
    Level 10: <- You were here.
       Some shops.
       Final resting place for
          you, petrified by a cockatrice.
 The Gnomish Mines: levels 4 to 11
    Level 4:
    Level 5:
    Level 6:
       An altar to Tyr, some fountains.
    Level 7:
    Level 8:
    Level 9:
    Level 10:
    Level 11:


Vanquished creatures:
  a small mimic
  2 trolls
  a large dog
  a flaming sphere
  a dwarf ruler
  a mountain centaur
  a python
  a carnivorous ape
  a chameleon
  4 giant beetles
  a cockatrice
  5 wolves
  a winter wolf cub
  a panther
  2 leprechauns
  2 orc-captains
 an iron piercer
  a giant spider
  a horse
 an ice vortex
  a vampire bat
  2 owlbears
  2 yetis
  a Green-elf
  2 lizards
  a dingo
  2 housecats
  a blue jelly
  a gray unicorn
  2 black unicorns
  a dust vortex
  2 plains centaurs
  a gnome mummy
  3 apes
  a rope golem
  a Woodland-elf
  a soldier ant
  5 bugbears
 an imp
  3 quasits
  2 wood nymphs
  2 mountain nymphs
 16 Mordor orcs
 11 Uruk-hai
  3 orc shamans
  3 rock piercers
  4 yellow lights
  2 violet fungi
 14 gnome leaders
  4 gnomish wizards
  a red naga hatchling
  a guardian naga hatchling
  a gray ooze
  2 elf zombies
  2 paper golems
  9 giant ants
  a little dog
  2 floating eyes
  8 dwarves
  a homunculus
  4 kobold shamans
 36 hill orcs
 12 rothes
  2 rabid rats
  2 centipedes
  2 wererats
  a werejackal
  4 iguanas
 13 killer bees
  2 acid blobs
  a gas spore
  4 hobbits
  2 large kobolds
 14 hobgoblins
  2 orcs
  8 giant rats
  2 cave spiders
  3 brown molds
  a red mold
 64 gnomes
  8 garter snakes
  4 geckos
  9 jackals
  a fox
  7 kobolds
  9 goblins
  3 sewer rats
 16 grid bugs
  9 lichens
  3 kobold zombies
 14 newts
415 creatures vanquished.

No species were genocided or became extinct.

Game over:
                       ----------
                      /          \
                     /    REST    \
                    /      IN      \
                   /     PEACE      \
                  /                  \
                  |     7spoons      |
                  |      73 Au       |
                  |  petrified by a  |
                  |    cockatrice    |
                  |                  |
                  |                  |
                  |       2026       |
                 *|     *  *  *      | *
        _________)/\\_//(\/(/\)/\//\/|_)_______

Farvel 7spoons the Valkyrie...

You turned to stone in The Dungeons of Doom on dungeon level 10 with 20966 points,
and 73 pieces of gold, after 12810 moves.
You were level 9 with a maximum of 100 hit points when you turned to stone.

